 Dungeon Crawl Stone Soup version 0.32-a0-675-gdc239d62e1 (webtiles) character file.

Game seed: 13277483010727253788

10205 lunkers the Fighter (level 11, -18/136 HPs)
             Began as a Coglin Berserker on Mar 11, 2024.
             Was a High Priest of Trog.
             Killed from afar by a salamander mystic (22 damage)
             ... with a lance of force
             ... in a volcano.
             The game lasted 00:15:30 (7647 turns).

lunkers the Fighter (Coglin Berserker)              Turns: 7647, Time: 00:15:30

Health: -18/136    AC:  8    Str: 27    XL:     11   Next: 58%
Magic:  3/3        EV: 12    Int:  6    God:    Trog [*****.]
Gold:   612        SH:  0    Dex: 18    Spells: 10/10 levels left

rFire   + . .        A - +5 short sword of the Aged Cities {antimagic, rPois Dex+4}
rCold   + . .        C - +4 long sword (holy) {Liang}
rNeg    + . .        m - +0 leather armour of Divine Compulsion {+Inv rN+ Regen+ Str+5}
rPois   +            (no helmet)
rElec   .            o - scarf {rC+ rF+}
rCorr   .            M - +1 pair of gloves
SInv    .            r - +1 pair of boots
Will    .....        (amulet unavailable) Stlth
                     (ring unavailable)
HPRegen 1.22/turn    (ring unavailable)
MPRegen 0.08/turn    (no gizmo)

%: no passive effects
@: berserking, revving, very quick
A: off-hand wielding, slow wielding, warmup strikes, no jewellery
a: Invent Gizmo, Renounce Religion, Evoke Invisibility, Berserk, Trog's Hand,
Brothers in Arms


You were in a volcano.
You worshipped Trog.
Trog was extremely pleased with you.
You visited 2 branches of the dungeon, and saw 11 of its levels.
You also visited: Volcano.

You collected 927 gold pieces.
You spent 315 gold pieces at shops.

Inventory:

Hand Weapons
 b - the +3 dagger "Omaroe" {freeze, Int+3}
   (You took it off an orc on level 3 of the Dungeon)

   Int+3:     It affects your intelligence (+3).
 c - a +0 spear of flaming
 e - a +1 dagger of protection {Vicente}
 h - a +1 dagger of draining {Mishil}
 w - a +1 dagger of venom
 x - a +2 heavy hand axe
 A - the +5 short sword of the Aged Cities (weapon) {antimagic, rPois Dex+4}
   (You bought it in a shop on level 5 of the Dungeon)

   Dex+4:     It affects your dexterity (+4).
   rPois:     It protects you from poison.
 C - a +4 long sword of holy wrath (offhand) {Liang}
 F - the +2 rapier of Ascent {protect, rPois rCorr Dex-3 Stlth-}
   (You found it on level 7 of the Dungeon)

   Dex-3:     It affects your dexterity (-3).
   rPois:     It protects you from poison.
   rCorr:     It protects you from acid and corrosion.
   Stlth-:    It makes you less stealthy.
 G - a +2 flail of draining
 I - a +1 morningstar of flaming
 K - a +4 flail
Missiles
 g - a throwing net
Armour
 m - the +0 leather armour of Divine Compulsion (worn) {+Inv rN+ Regen+ Str+5}
   (You took it off an orc on level 3 of the Dungeon)

   Str+5:     It affects your strength (+5).
   rN+:       It protects you from negative energy.
   +Inv:      It lets you turn invisible.
   Regen+:    It increases your rate of health regeneration.
 o - a scarf of resistance (worn)
 r - a +1 pair of boots (worn)
 B - +0 steam dragon scales
 M - a +1 pair of gloves (worn)
Wands
 t - a wand of polymorph (11)
 v - a wand of flame (9)
 y - a wand of digging (10)
 H - a wand of mindburst (23)
Scrolls
 q - a scroll of vulnerability
 D - 4 scrolls of teleportation
 J - a scroll of blinking
Potions
 a - a potion of resistance {unknown}
 d - 3 potions of lignification
 f - a potion of attraction
 i - 6 potions of curing
 j - 2 potions of heal wounds
 k - 2 potions of brilliance
 n - a potion of ambrosia
 p - a potion of magic {unknown}
 s - a potion of invisibility {unknown}
 u - 2 potions of might
 z - a potion of mutation {unknown}


   Skills:
 + Level 10.2 Fighting
 - Level 5.5(6.9) Short Blades
 * Level 6.9(8.0) Long Blades
 - Level 3.7 Maces & Flails
 + Level 8.2 Armour
 - Level 1.7 Dodging
 - Level 10.0 Evocations


You had 10 spell levels left.
You didn't know any spells.
Your spell library was empty.

Dungeon Overview and Level Annotations

Branches:
Dungeon (9/15)             Temple (0/1) D:4            Lair (0/5) D:8
    Orc (2/2) D:9             Elf (0/3) Orc:2       Volcano (1/1)

Altars:
Elyvilon
Fedhas
Gozag
Hepliaklqana
Makhleb
Ru
Sif Muna
Uskayaw
Yredelemnul
Zin
The Shining One
Beogh

Shops:
D:5 (:(


Innate Abilities, Weirdness & Mutations

You can wield a second weapon in your off-hand.
It takes a long time for you to wield or remove held weapons.
Your first few attacks do less damage.
You cannot equip rings or amulets.


Message History

The salamander hits you with a +1 spear of flaming.
You are engulfed in flames.
You resist.
The salamander hits you with a +1 spear of flaming.
You are engulfed in flames.
You resist.
The salamander mystic casts a spell at you.
The lance of force hits you!!
* * * LOW HITPOINT WARNING * * *
You are knocked back by the lance of force.
You violently stop moving!
* * * LOW HITPOINT WARNING * * *
You see here 17 gold pieces.
A red film seems to cover your vision as you go berserk!
You feel yourself moving faster!
You feel mighty!
The salamander hits you with a +1 spear of flaming!
* * * LOW HITPOINT WARNING * * *
You are engulfed in flames!
You resist.
* * * LOW HITPOINT WARNING * * *
The salamander burns you.
* * * LOW HITPOINT WARNING * * *
The salamander hits you but does no damage.
You hit the salamander with the +5 short sword of the Aged Cities.
The salamander is lightly wounded.
You slash the salamander with your +4 long sword of holy wrath!
The salamander hits you with a +1 spear of flaming.
* * * LOW HITPOINT WARNING * * *
You are engulfed in flames.
You resist.
* * * LOW HITPOINT WARNING * * *
The salamander hits you from afar with a +1 spear of flaming.
* * * LOW HITPOINT WARNING * * *
You are engulfed in flames.
You resist.
* * * LOW HITPOINT WARNING * * *
The salamander burns you.
* * * LOW HITPOINT WARNING * * *
Unknown command.
You slash the salamander mystic with your +4 long sword of holy wrath!
The salamander mystic is moderately wounded.
You completely miss the salamander mystic with the +5 short sword of the Aged Cities.
The salamander mystic points at you and mumbles some strange words.
The lance of force hits you!!
You die...

# #### ≈## ##≈≈##
§≈# ##≈§§○# ≈≈##
##)≈§§○# ≈..#
#..§§§≈## ..##
#$.NN§≈≈# *.#
#.[)N@≈≈# ..#
####..≈## ..#
#.#### .## ##.##
.####### #######.#
#.##...###..##...#
##...............#
#.#...§≈≈§§≈≈≈...#
.....≈§≈≈≈≈≈≈≈§...#


You could see a salamander mystic and 2 salamanders.

Vanquished Creatures
  A centaur warrior (D:9)
  A two-headed ogre (D:7)
  Nergalle (Orc:1)
  An orc knight (Orc:2)
  An orc sorcerer (Orc:1)
  2 salamanders (Volcano)
  Maggie (D:8)
  Grinder (D:5)
  2 trolls
  3 wyverns
  A warg (Orc:1)
  The ghost of AutarchDCSS the Shooter, an amateur CoHs of Fedhas (D:3)
  2 steam dragons
  2 water moccasins
  11 orc warriors
  Pargi (D:3)
  A sky beast (D:6)
  2 ice beasts
  4 ogres
  2 wolves (D:8)
  2 centaurs
  3 phantoms
  A weeping skull (D:5)
  A kobold brigand (D:7)
  3 bullfrogs
  2 scorpions
  5 wights (D:8)
  4 electric eels
  4 killer bees (D:9)
  A howler monkey (D:9)
  3 bombardier beetles
  12 orc priests
  6 jellies
  8 hounds
  Terence (D:3)
  An iguana (D:4)
  Natasha (thrice) (D:3)
  10 orc wizards
  4 gnolls
  6 adders
  A shadow imp (D:6)
  2 ufetubi (D:6)
  3 ribbon worms
  4 dart slugs
  57 orcs
  8 ball pythons
  8 bats
  A bat skeleton (D:2)
  8 endoplasms
  7 goblins
  6 hobgoblins
  2 quokkas (D:1)
  A ball python skeleton (D:2)
  3 frilled lizards
  A giant cockroach zombie (D:2)
  10 kobolds
  A quokka zombie (D:2)
  3 rats
  A spectral orc (D:5)
248 creatures vanquished.

Notes
Turn   | Place    | Note
-------+----------+-------------------------------------------
     0 | D:1      | lunkers the Coglin Berserker began the quest for the Orb.
     0 | D:1      | Reached XP level 1. HP: 18/18 MP: 1/1
   155 | D:1      | Reached XP level 2. HP: 23/24 MP: 2/2
   372 | D:1      | Reached XP level 3. HP: 26/29 MP: 3/3
   613 | D:1      | Reached skill level 1 in Short Blades
   779 | D:2      | Reached ** piety under Trog
   860 | D:2      | Found a faded altar of an unknown god.
   861 | D:2      | Noticed a golden eye
   863 | D:2      | Noticed a great orb of eyes
   863 | D:2      | Noticed a shining eye
   863 | D:2      | Noticed an eye of devastation
   984 | D:2      | Reached XP level 4. HP: 35/35 MP: 4/4
  1545 | D:3      | Noticed Terence
  1557 | D:3      | Killed Terence
  1574 | D:3      | Found a hide-covered altar of Uskayaw.
  1577 | D:3      | Found a glowing silver altar of Zin.
  1582 | D:3      | Found a hazy altar of Hepliaklqana.
  1582 | D:3      | Found a white marble altar of Elyvilon.
  1583 | D:3      | Found a blossoming altar of Fedhas.
  1584 | D:3      | Found an opulent altar of Gozag.
  1586 | D:3      | Found a glowing golden altar of the Shining One.
  1587 | D:3      | Noticed Natasha
  1595 | D:3      | Killed Natasha
  1596 | D:3      | Reached XP level 5. HP: 27/42 MP: 5/5
  1663 | D:3      | Noticed Natasha
  1668 | D:3      | Killed Natasha
  2078 | D:3      | Noticed Natasha
  2087 | D:3      | Killed Natasha
  2218 | D:3      | Found a runed translucent gate.
  2219 | D:3      | Found a runed translucent gate.
  2219 | D:3      | Found a runed translucent gate.
  2220 | D:3      | Noticed AutarchDCSS's ghost (amateur CoHs)
  2220 | D:3      | Identified the +3 dagger "Omaroe" {freeze, Int+3}
  2220 | D:3      | Identified the +0 leather armour of Divine Compulsion {+Inv
                  | rN+ Regen+ Str+5}
  2234 | D:3      | Noticed Pargi
  2250 | D:3      | Killed Pargi
  2251 | D:3      | Reached XP level 6. HP: 44/49 MP: 6/6
  2416 | D:3      | Found a roughly hewn altar of Beogh.
  2495 | D:3      | Killed AutarchDCSS's ghost
  2496 | D:3      | Reached XP level 7. HP: 55/55 MP: 7/7
  2664 | D:4      | Reached skill level 5 in Fighting
  2677 | D:4      | Reached skill level 1 in Evocations
  2832 | D:4      | Reached *** piety under Trog
  2990 | D:4      | Reached XP level 8. HP: 63/63 MP: 8/8
  3191 | D:4      | Found a staircase to the Ecumenical Temple.
  3216 | D:5      | Entered Level 5 of the Dungeon
  3309 | D:5      | Noticed Grinder
  3309 | D:5      | Paralysed by Grinder for 4 turns
  3319 | D:5      | Killed Grinder
  3320 | D:5      | Reached skill level 5 in Evocations
  3436 | D:5      | Found Uxes Nyo's Book Boutique.
  3452 | D:5      | Found Ysil's Antique Weapon Shoppe.
  3459 | D:5      | Bought a warped short sword for 192 gold pieces
  3459 | D:5      | Identified the +5 short sword of the Aged Cities
                  | {antimagic, rPois Dex+4} (You bought it in a shop on level
                  | 5 of the Dungeon)
  3620 | D:5      | Reached skill level 5 in Armour
  3739 | D:5      | Found a basalt altar of Yredelemnul.
  3900 | D:5      | Found Ibiomezo's Antique Weapon Boutique.
  3907 | D:5      | Bought a runed long sword for 123 gold pieces
  4002 | D:6      | Reached skill level 5 in Short Blades
  4002 | D:6      | Reached skill level 1 in Long Blades
  4011 | D:6      | Reached XP level 9. HP: 46/71 MP: 3/9
  4123 | D:6      | Reached **** piety under Trog
  4184 | D:6      | Found a burning altar of Makhleb.
  4185 | D:6      | Found a sacrificial altar of Ru.
  4187 | D:6      | Found a shimmering blue altar of Sif Muna.
  4490 | D:7      | Reached skill level 5 in Long Blades
  4601 | D:7      | Identified the +2 rapier of Ascent {protect, rPois rCorr
                  | Dex-3 Stlth-}
  4825 | D:7      | Noticed a two-headed ogre
  4831 | D:7      | Killed a two-headed ogre
  4832 | D:7      | Reached XP level 10. HP: 79/79 MP: 3/10
  5368 | D:8      | Noticed Maggie
  5376 | D:8      | Killed Maggie
  5496 | D:8      | Reached skill level 10 in Evocations
  5592 | D:8      | Found a staircase to the Lair.
  5857 | D:9      | Noticed a centaur warrior
  5868 | D:9      | Killed a centaur warrior
  6063 | D:9      | Found a staircase to the Orcish Mines.
  6078 | D:9      | Reached XP level 11. HP: 36/87 MP: 3/11
  6177 | D:9      | Reached ***** piety under Trog
  6843 | Orc:1    | Entered Level 1 of the Orcish Mines
  6843 | Orc:1    | Noticed Nergalle
  6845 | Orc:1    | Found a roughly hewn altar of Beogh.
  6853 | Orc:1    | Killed Nergalle
  7171 | Orc:1    | Noticed an orc sorcerer
  7181 | Orc:1    | Killed an orc sorcerer
  7403 | Orc:2    | Entered Level 2 of the Orcish Mines
  7419 | Orc:2    | Noticed an orc knight
  7455 | Orc:2    | Killed an orc knight
  7504 | Orc:2    | Reached skill level 10 in Fighting
  7534 | Orc:2    | Found a dark tunnel.
  7542 | Volcano  | Entered a volcano
  7562 | Volcano  | Noticed a salamander
  7570 | Volcano  | Killed a salamander
  7602 | Volcano  | Noticed a salamander
  7612 | Volcano  | Killed a salamander
  7641 | Volcano  | Noticed a salamander
  7642 | Volcano  | Noticed a salamander
  7642 | Volcano  | Noticed a salamander mystic
  7646 | Volcano  | HP: 4/136 [salamander/+1 spear of flaming (5)]
  7647 | Volcano  | Killed from afar by a salamander mystic

Illustrated notes

Levels and vault maps discovered:
D:1:      minmay_arrival_stair_chambers, layout_loops_cross,
          minmay_misc_feat_four_crosses, serial_bayou_pond_e,
          nicolae_grassy_gnolls
D:2:      layout_loops_ring, hellmonk_ecumenical_altar_watching_god,
          serial_undead, serial_undead_e, serial_undead_a, serial_undead_d,
          serial_undead_f
D:3:      layout_loops_ring, minitemple, biasface_ghost_orc_armoury,
          kennysheep_generic_room_16, uniq_natasha, uniq_terence, uniq_pargi
D:4:      layout_cave_pools, temple_hall
D:5:      layout_loops_ring, yredelemnul_forgotten_temple_becter, serial_shops,
          shop, nicolae_shop_hallway_plus, shop_coins, uniq_grinder
D:6:      layout_gridville, grunt_temple_overflow_open
D:7:      layout_cave_pools, minmay_misc_feat_tiny, water_boxes_lemuel
D:8:      layout_basic, erik_lair_island, uniq_maggie
D:9:      layout_basic, david_orc_3, hex_intersection
Orc:1:    layout_diamond_mine, basic_altar, uniq_nergalle
Orc:2:    grunt_orc_cross, layout_caves, lightli_volcano_entry_magma_tube
Volcano:  volcano_pools

Skill      XL: |  1  2  3  4  5  6  7  8  9 10 11 |
---------------+----------------------------------+-----
Maces & Flails | 3 |  3.7
Short Blades   | 1 2 3 4 5 |  5.5
Armour         | 2 3 4 5 6 8 |  8.2
Fighting       | 4 5 6 7 8 10 | 10.2
Evocations     | 4 5 8 10 | 10.0
Long Blades    | 2 6 |  6.9
Dodging        | |  1.7

Action                     |  1- 3 |  4- 6 |  7- 9 | 10-12 || total
---------------------------+-------+-------+-------+-------++-------
  Melee: Mace              |    42 |       |       |       ||    42
         Dagger            |   104 |   193 |   278 |       ||   575
         Short sword       |       |       |   112 |   213 ||   325
         Long sword        |       |       |   100 |   231 ||   331
 Invoke: Berserk           |       |     2 |     6 |     9 ||    17
         Trog's Hand       |       |       |     1 |       ||     1
  Evoke: Wand              |       |       |     2 |     2 ||     4
    Use: Scroll            |       |     6 |    12 |     3 ||    21
   Stab: Sleeping          |     2 |     1 |       |       ||     3
 Armour: Animal skin       |    41 |    19 |       |       ||    60
         Scale mail        |       |    60 |     3 |       ||    63
         Leather armour    |       |       |   163 |   212 ||   375
  Dodge: Dodged            |    56 |    44 |   169 |   145 ||   414

Table legend: (Time is in decaauts)
 A = Elapsed time spent in this place.
 B = Non-inter-level travel time spent in this place.
 C = Inter-level travel time spent in this place.
 D = Time resting spent in this place.
 E = Time spent auto-exploring this place.
 F = Levels seen in this place.
 G = Mean time per level.
                   A        B        C        D        E       F      G
               +--------+--------+--------+--------+--------+-----+--------+
         Total |   7720 |   7454 |    266 |    276 |   5455 |  12 |  643.3 |
       Dungeon |   7010 |   6776 |    234 |    227 |   5131 |   9 |  778.9 |
  Orcish Mines |    602 |    571 |     31 |     28 |    324 |   2 |  301.0 |
       Volcano |    107 |    107 |      0 |     21 |      0 |   1 |  107.0 |
               +--------+--------+--------+--------+--------+-----+--------+

Top non-repeatable levels by time:
     D:3: 1272 daAuts
     D:9: 1113 daAuts
     D:8: 828 daAuts
     D:1: 773 daAuts
     D:5: 771 daAuts
     D:4: 615 daAuts
     D:2: 580 daAuts
     D:7: 562 daAuts
     D:6: 493 daAuts
   Orc:1: 480 daAuts
   Orc:2: 121 daAuts
 Volcano: 107 daAuts
